 Dungeon Crawl Stone Soup version 0.30-a0-305-g026cb31 (webtiles) character file.

Game seed: 14006834913849714607

16 Meow the Conjurer (level 2, 22/22 HPs)
             Began as a Naga Conjurer on Oct 21, 2022.
             Quit the game on level 1 of the Dungeon.
             The game lasted 00:01:56 (355 turns).

Meow the Conjurer (Naga Conjurer)                    Turns: 355, Time: 00:01:57

Health: 22/22      AC:  3    Str:  9    XL:     2   Next: 58%
Magic:  5/5        EV:  9    Int: 18    God:
Gold:   10         SH:  0    Dex:  9    Spells: 2/5 levels left

rFire   . . .      SeeInvis +    (no weapon)
rCold   . . .      Faith    .    (no shield)
rNeg    . . .      Spirit   .    a - +0 robe
rPois   +          Reflect  .    e - +1 helmet
rElec   .          Harm     .    (no cloak)
rCorr   .          Rampage  .    (no gloves)
Will    .....                    (no barding)
Stlth   ++........               (no amulet)
HPRegen 0.23/turn                (no ring)
MPRegen 0.09/turn                (no ring)

@: very slow
A: AC +0, large, see invisible, deformed body, poison resistance, slowness 2,
spit poison 1, naga tail 1
a: Spit Poison


You were on level 1 of the Dungeon.
You visited 1 branch of the dungeon, and saw 1 of its levels.

You collected 10 gold pieces.

Inventory:

Missiles
 c - 12 stones
Armour
 a - a +0 robe (worn)
 e - a +1 helmet (worn)
Scrolls
 d - a scroll of teleportation {unknown}
Potions
 b - a potion of magic
 f - a potion of degeneration {unknown}


   Skills:
 - Level 1.5 Dodging
 + Level 3.3 Stealth
 + Level 2.1 Spellcasting
 + Level 4.4 Conjurations


You had 2 spell levels left.
You knew the following spells:

 Your Spells              Type           Power      Damage    Failure   Level
a - Magic Dart            Conj           72%        1d6       2%          1
b - Searing Ray           Conj           36%        2d5       4%          2

Your spell library contained the following spells:

 Spells                   Type           Power      Damage    Failure   Level
 Dazzling Flash           Conj/Hex       18%        N/A       22%         3
 Fulminant Prism          Conj/Hex       4%         3d6       56%         4
 Iskenderun's Mystic Bla  Conj/Tloc      9%         2d4       56%         4


Dungeon Overview and Level Annotations

Branches:
Dungeon (1/15)

Altars:


Innate Abilities, Weirdness & Mutations

Your serpentine skin is tough. (AC +0)
You have supernaturally acute eyesight. (SInv)
Armour fits poorly on your strangely shaped body.
Your system is resistant to poisons. (rPois)
You cover ground very slowly.
You can spit poison.
You have a snake-like lower body.


Message History

A bat is nearby!
Aiming: Spit Poison (2% risk of failure)
Press: ? - help, Shift-Dir - straight line, f - bat
Aim: a bat (asleep, 100% to hit)
The splash of poison hits the bat!
You kill the bat!
Unknown command.
You start waiting.
You have got your breath back.
f - a pink potion A ball python comes into view.
A ball python is nearby!
Aiming: Spit Poison (2% risk of failure)
Press: ? - help, Shift-Dir - straight line, f - ball python
Aim: a ball python (asleep, 100% to hit)
The splash of poison hits the ball python!
The ball python is poisoned.
You kill the ball python!
Unknown command.
You start waiting.
You have got your breath back.
Found 10 gold pieces.
You see here a ball python corpse.
You now have 10 gold pieces.
A goblin comes into view. It is wielding a +2 dagger of draining.
A goblin is nearby!
Aiming: Spit Poison (2% risk of failure)
Press: ? - help, Shift-Dir - straight line, f - goblin
Aim: a goblin, wielding a +2 dagger of draining (asleep, 100% to hit)
The splash of poison hits the goblin.
The goblin is poisoned.
You kill the goblin!
Unknown command.
Memorise Searing Ray, consuming 2 spell levels and leaving 2?
You start memorising the spell.
You continue memorising. x2
You finish memorising.
Spell assigned to 'b'.
Found a stone staircase leading down.
A frilled lizard comes into view.
Found a stone staircase leading down.
You have got your breath back.
Are you sure you want to abandon this character and quit the game? (Confirm with "yes".)

### ### l.
... .>#.# ##
.#..# #.#
....#
#.#....###
####@.)...>.
#...........
#.###....###
#.# ##..#
#.# ..#
#.#####..#
#........#
#.######.#
#.#


You could see a frilled lizard (asleep).

Vanquished Creatures
  A dart slug (D:1)
  2 ball pythons (D:1)
  3 bats (D:1)
  2 endoplasms (D:1)
  A goblin (D:1)
  A hobgoblin (D:1)
  A quokka (D:1)
  A rat (D:1)
12 creatures vanquished.

Notes
Turn   | Place    | Note
-------+----------+-------------------------------------------
     0 | D:1      | Meow the Naga Conjurer began the quest for the Orb.
     0 | D:1      | Reached XP level 1. HP: 15/15 MP: 3/3
   186 | D:1      | Reached XP level 2. HP: 22/22 MP: 5/5
   352 | D:1      | Learned a level 2 spell: Searing Ray
   355 | D:1      | Quit the game

Illustrated notes

Levels and vault maps discovered:
D:1:      mrwooster_arrival_arrow, layout_loops_corners, minmay_ruptured

Action                   || total
-------------------------++-------
 Cast: Magic Dart        ||     8
 Abil: Spit Poison       ||    10

Table legend: (Time is in decaauts)
 A = Elapsed time spent in this place.
 B = Non-inter-level travel time spent in this place.
 C = Inter-level travel time spent in this place.
 D = Time resting spent in this place.
 E = Time spent auto-exploring this place.
 F = Levels seen in this place.
 G = Mean time per level.
                   A        B        C        D        E       F      G
               +--------+--------+--------+--------+--------+-----+--------+
         Total |    441 |    441 |      0 |    102 |      0 |   1 |  441.0 |
       Dungeon |    441 |    441 |      0 |    102 |      0 |   1 |  441.0 |
               +--------+--------+--------+--------+--------+-----+--------+

Top non-repeatable levels by time:
     D:1: 441 daAuts
